[Event "*** MasterClass Titled Tuesday Blitz"]
[Site "Chess.com"]
[Date "2017.11.07"]
[Round "2"]
[White "hermionegrangermagic"]
[Black "LonesomeGeorge1"]
[Result "0-1"]
[WhiteElo "2367"]
[BlackElo "2277"]
[TimeControl "180+2"]
[EndTime "14:34:44 PST"]
[Termination "LonesomeGeorge1 won by resignation"]

1. e4 e5 2. Nf3 Nc6 3. Bb5 g6 4. O-O Bg7 5. c3 a6 6. Ba4 d6 7. d4 Bd7 8. Be3 Nf6 9. Nbd2 O-O 10. h3 Re8 11. Bc2 Qe7 12. a3 Qf8 13. Re1 Rad8 14.
Rc1 Bc8 15. d5 Ne7 16. c4 Nh5 17. c5 f5 18. Bg5 h6 19. Bxe7 Rxe7 20. exf5 Nf4 21.
fxg6 dxc5 22. Ne4 Kh8 23. Nxc5 Rxd5 24. Bd3 b6 25. Qb3 Rxc5 26. Rxc5 bxc5 27. Be4 Be6 28. Qc3 c4 29. Nd2 Rd7 30. Nxc4 Qc5 31. Ne3 Qxc3 32. bxc3 Rd2 33. Rb1 Ne2+ 34. Kf1 Bf6 35. Bf5 Bg8 36. Ng4 Bg5 37. Rb8 Nxc3 38. g3 Kg7 39.
h4 Bd5 40. f4 Be7 41. Nxe5 Bc5 42. Bg4 Rh2 43. Bf3 Bxf3 44. Nxf3 Rf2+ 45. Ke1 Rxf3 46. h5 Rxg3 47. Rd8 Bd6 48. Rd7+ Kf6 49.
Rf7+ Ke6 50. f5+ Ke5 51. f6 Nd5 52. Rh7 Nxf6 53. Rxh6 Nxh5 54. Rxh5+ Kf6 55. Ra5 Rxa3 56. Rh5 Kxg6 57. Rh4 Kf6 58. Kd1 Ke6 59. Kc2 Kd7 60.
Rh7+ Kc6 61. Rh4 Ra5 62. Rh8 Rc5+ 63. Kb3 a5 64. Ka4 Rg5 65. Rh6 Kb7 66. Rh7 Bb4 67.
Rf7 Be1 68. Rh7 Rg4+ 69. Kb5 Rb4+ 70. Kc5 Bf2+ 71. Kd5 a4 72. Rh2 Bb6 73. Ra2 Ka6 74. Kc6 Ka5 75. Rg2 Rb3 76. Rg8 a3 77. Rg5+ Kb4 78. Rg4+ Kc3 79. Rg3+ Kb2 80. Rg2+ Ka1 81. Kd5 a2 82. Kc4 Rb1 83. Kc3 Rh1 84. Kb3 Kb1 85. Rb2+ Kc1 86. Rc2+ Kd1 87. Rxa2 Rh3+ 88. Kc4 Rh5 89. Kd3 Rd5+ 90. Kc4 Rd4+ 91. Kc3 Rd6 92. Kc4 Rd2 93. Ra1+ Ke2 94. Rh1 Ke3 95. Re1+ Re2 96.
Rh1 Rc2+ 97. Kb3 Rc5 98. Rh3+ Ke4 99. Rh4+ Kd5 100. Rh5+ Kc6 101. Rh6+ Kb5 102. Rh3 Re5 103. Kc2 c5 104. Rh8 Ba5 105. Rh4 Rd5 106. Kb3 Rd3+ 107. Kc2 Rd4 108. Rh5 Kc4 109. Rh3 Rd2+ 110. Kc1 Rg2 111. Rh4+ Kb3 112. Rh1 c4 113. Kb1 Bb6 114. Rf1 Rg1 115. Rxg1 Bxg1 116. Ka1 Bd4+ 117. Kb1 c3 118. Kc1 c2 119.
Kd2 Kb2 120. Kd3 c1=Q 0-1

[Event "*** MasterClass Titled Tuesday Blitz"]
[Site "Chess.com"]
[Date "2017.11.07"]
[Round "2"]
[White "Saitama_Hero"]
[Black "Too_Stupid_To_Play"]
[Result "0-1"]
[WhiteElo "2160"]
[BlackElo "2205"]
[TimeControl "180+2"]
[EndTime "14:35:00 PST"]
[Termination "Too_Stupid_To_Play won by resignation"]

1. d4 Nf6 2. Bg5 d5 3. Bxf6 exf6 4. e3 Bd6 5. c4 c6 6. cxd5 cxd5 7. Nc3 Be6 8. Bd3 O-O 9. Nge2 g6 10. O-O a6 11.
e4 dxe4 12. Bxe4 Qd7 13. Na4 Ra7 14. d5 Bf5 15. Qd4 Bxe4 16. Nec3 b5 17. Nxe4 Be5 18.
Qxe5 fxe5 19. Nf6+ Kg7 20. Nxd7 Rxd7 21. Nc3 b4 22. Na4 Rxd5 23. Rfc1 Rfd8 24. Kf1 Rd2 25. b3 Nd7 26. Rc6 Nf6 27. Nc5 Ng4 28. Ne4 Rb2 29.
h3 Nh6 30. Rxa6 f5 31. Ng5 Rdd2 32. Ra7+ Kf6 33. Nxh7+ Ke6 34. Ng5+ Kd5 35. Rd7+ Kc6 36. Rxd2 Rxd2 37. Nf3 Rd5 38. Rc1+ Kd6 39. Ke2 e4 40. Nd2 Nf7 41. Nc4+ Ke6 42. Rd1 Rc5 43. Rd4 Rc6 44. Ne3 Ra6 45. Rd2 Ne5 46. Nc2 Nd3 47. f3 Ke5 48. Ne3 Rxa2 49. Nc4+ Kd4 50. Rxa2 Nc1+ 51. Kd2 Nxa2 52. fxe4 fxe4 53. Ne3 Nc3 54. Nc2+ Kc5 55. Ke3 g5 56. g3 Nd1+ 57. Ke2 Nc3+ 58. Ke3 Nd1+ 59. Ke2 Nb2 60. Ke3 Nd3 61. Nd4 Kd5 62.
Nf5 Nc5 63. Ne7+ Ke5 64. Nc6+ Kd5 65. Nxb4+ Ke5 66. Nc6+ Kd6 67. Nd4 Kd5 68. b4 Nd3 69. b5 Ne5 70. b6 Nc4+ 71. Ke2 Nxb6 72. Nf5 Ke5 73. Ne3 Nd7 74. Ng4+ Kf5 75. Ke3 Nc5 76. Kd4 Ne6+ 77. Ke3 Ng7 78. Nh6+ Ke5 79. Ng4+ Kd5 80. Nf2 Nf5+ 81. Kd2 Nxg3 82. Ng4 Kd4 83. Ne3 Nh5 84.
Nf5+ Ke5 85. Ne3 Nf4 86. Kc3 Nxh3 87. Ng4+ Kf4 88. Nf6 Nf2 89. Kd2 Kf3 90. Nh7 g4 91.
Ng5+ Kf4 92. Ne6+ Ke5 93. Ng5 Kf5 94. Nf7 g3 95. Ke3 Ng4+ 96. Ke2 Kf4 97. Kf1 Ne3+ 98.
Kg1 Nf5 99. Nh8 Ne7 100. Nf7 e3 101. Nd8 Kf3 102. Ne6 e2 103. Nd4+ Ke3 104. Nxe2 Kxe2 105. Kg2 Nf5 106. Kh3 Kf2 107. Kg4 g2 108. Kxf5 g1=Q 0-1

[Event "*** MasterClass Titled Tuesday Blitz"]
[Site "Chess.com"]
[Date "2017.11.07"]
[Round "3"]
[White "Jadeit90"]
[Black "josiwales"]
[Result "1-0"]
[WhiteElo "2299"]
[BlackElo "2359"]
[TimeControl "180+2"]
[EndTime "14:37:17 PST"]
[Termination "Jadeit90 won by resignation"]

1. g3 d5 2. Bg2 c6 3. c4 Nf6 4.
cxd5 cxd5 5. Nf3 Nc6 6. O-O Bg4 7. d3 Bxf3 8. Bxf3 e6 9. Nc3 Bc5 10. e4 O-O 11. exd5 exd5 12. Bg5 Ne5 13. Bg2 Bd4 14. Bxf6 Qxf6 15. Nxd5 Qg6 16. Ne7+ 1-0

[Event "*** MasterClass Titled Tuesday Blitz"]
[Site "Chess.com"]
[Date "2017.11.07"]
[Round "3"]
[White "Genghis_K"]
[Black "Buffy7"]
[Result "1-0"]
[WhiteElo "2662"]
[BlackElo "2482"]
[TimeControl "180+2"]
[EndTime "14:38:15 PST"]
[Termination "Genghis_K won by resignation"]

1. e4 c5 2. Nf3 d6 3. d4 cxd4 4.
Nxd4 Nf6 5. Nc3 Nc6 6. Bg5 e6 7. Qd2 a6 8. O-O-O Bd7 9. f4 b5 10. Bxf6 gxf6 11. Kb1 Qb6 12. Nxc6 Bxc6 13. f5 h5 14.
fxe6 fxe6 15. Bd3 Bh6 16. Qe1 Bf4 17. Nd5 Bxd5 18. exd5 e5 19. Rf1 Ke7 20. Rxf4 1-0

[Event "*** MasterClass Titled Tuesday Blitz"]
[Site "Chess.com"]
[Date "2017.11.07"]
[Round "3"]
[White "Mbneu"]
[Black "Ar4uha"]
[Result "1-0"]
[WhiteElo "2318"]
[BlackElo "2424"]
[TimeControl "180+2"]
[EndTime "14:39:18 PST"]
[Termination "Mbneu won by resignation"]

1. d4 Nf6 2. c4 e6 3. Nc3 Bb4 4. Bg5 h6 5. Bh4 b6 6. e3 g5 7.
Bg3 Ne4 8. Rc1 Bb7 9. Ne2 d6 10. a3 Bxc3+ 11. Nxc3 Nxg3 12. hxg3 Nd7 13. f3 c5 14. d5 e5 15. Bd3 a6 16. Bf5 Qf6 17. g4 Nf8 18. Ne4 Qe7 19. Qa4+ Kd8 20. b4 Bc8 21.
bxc5 bxc5 22. Rb1 Bxf5 23. gxf5 Qc7 24. Kf2 Nh7 25. Qc6 Qxc6 26. dxc6 Kc7 27. Rb7+ Kxc6 28. Rhb1 1-0

[Event "*** MasterClass Titled Tuesday Blitz"]
[Site "Chess.com"]
[Date "2017.11.07"]
[Round "3"]
[White "Rodalquilar"]
[Black "yosephtaher"]
[Result "1-0"]
[WhiteElo "2511"]
[BlackElo "2517"]
[TimeControl "180+2"]
[EndTime "14:39:47 PST"]
[Termination "Rodalquilar won by resignation"]

1. e4 c5 2. Nc3 g6 3. d4 cxd4 4. Qxd4 Nf6 5. Bb5 a6 6. e5 axb5 7. exf6 Nc6 8. fxe7 Qxe7+ 9. Qe4 Qxe4+ 10. Nxe4 f5 11. Nc3 Nd4 12. Kd1 b4 13. Nd5 Ra5 14. Nb6 b3 15. cxb3 Nxb3 16. Rb1 Rxa2 17. Nxc8 Bc5 18.
Kc2 Nd4+ 19. Kd3 Nb5 20. Kc4 1-0

[Event "*** MasterClass Titled Tuesday Blitz"]
[Site "Chess.com"]
[Date "2017.11.07"]
[Round "3"]
[White "pastouche06"]
[Black "kikydu96"]
[Result "1-0"]
[WhiteElo "2341"]
[BlackElo "2389"]
[TimeControl "180+2"]
[EndTime "14:39:59 PST"]
[Termination "pastouche06 won by resignation"]

1. e4 e5 2. f4 exf4 3. Nf3 d5 4. exd5 Nf6 5. Nc3 Nxd5 6. Bc4 Be6 7. Nxd5 Bxd5 8. Qe2+ Be7 9. d4 O-O 10. Bxd5 Qxd5 11.
Qxe7 Nc6 12. Qc5 Rfe8+ 13. Kf2 Qe6 14. Re1 Qf6 15. Bd2 h6 16. Rxe8+ Rxe8 17. Re1 Rxe1 18.
Bxe1 g5 19. h3 Qe6 20. d5 Qf5 21. b4 h5 22. dxc6 1-0

[Event "*** MasterClass Titled Tuesday Blitz"]
[Site "Chess.com"]
[Date "2017.11.07"]
[Round "3"]
[White "VitaliyBernadskiy"]
[Black "Bryakin_Mikhail"]
[Result "1-0"]
[WhiteElo "2555"]
[BlackElo "2492"]
[TimeControl "180+2"]
[EndTime "14:40:25 PST"]
[Termination "VitaliyBernadskiy won by resignation"]

1. e4 c6 2. d4 d5 3. e5 Bf5 4. Nf3 e6 5. Be2 Nd7 6. c3 Bg6 7. a4 Nh6 8. Na3 Nf5 9. Nc2 h5 10. O-O h4 11. b4 Be7 12. a5 a6 13. Ne3 Nxe3 14. Bxe3 Bf5 15. Ne1 Nf8 16. Nd3 g6 17.
Nc5 Qc7 18. g4 hxg3 19. fxg3 g5 20. Bd3 Bg6 21. Bxg6 Nxg6 22. Qg4 Rg8 23. Rf2 Bxc5 24. bxc5 Ne7 25. Bxg5 Nf5 26. h4 Qe7 27. Qxf5 exf5 28. Bxe7 Kxe7 29. Kh2 Rg4 30. Rxf5 Re4 31. Raf1 Rf8 32. h5 Re3 33. R1f3 Re2+ 34. Kh3 Ra2 35. g4 Rxa5 36. g5 Ra1 37. g6 Rh8 38. Rxf7+ Ke8 39. g7 1-0

[Event "*** MasterClass Titled Tuesday Blitz"]
[Site "Chess.com"]
[Date "2017.11.07"]
[Round "3"]
[White "Man-Chuk"]
[Black "VladimirBelous"]
[Result "1-0"]
[WhiteElo "2607"]
[BlackElo "2671"]
[TimeControl "180+2"]
[EndTime "14:40:41 PST"]
[Termination "Man-Chuk won by resignation"]

1. Nf3 Nf6 2. g3 g6 3. Bg2 Bg7 4. O-O O-O 5. d4 Nc6 6. c4 Rb8 7. Nc3 a6 8. a4 d5 9. cxd5 Nxd5 10. Nxd5 Qxd5 11. Bf4 Qd8 12. Rc1 e6 13. b4 h6 14.
h4 Ra8 15. Qd2 Kh7 16. Rfd1 Bd7 17. b5 axb5 18. axb5 Na5 19. Bxc7 Nb3 20. Qe3 Nxc1 21. Bxd8 Bxb5 22. Rxc1 Rfxd8 23. Ne5 Be8 24. Bxb7 Ra4 25. Bc6 Bxc6 26. Rxc6 Rdxd4 27. Nxf7 Rd1+ 28. Kg2 Raa1 29. Qxe6 Rg1+ 30. Kf3 1-0

[Event "*** MasterClass Titled Tuesday Blitz"]
[Site "Chess.com"]
[Date "2017.11.07"]
[Round "3"]
[White "OparinGrigoriy"]
[Black "Angry_Serb"]
[Result "1-0"]
[WhiteElo "2688"]
[BlackElo "2426"]
[TimeControl "180+2"]
[EndTime "14:40:57 PST"]
[Termination "OparinGrigoriy won by resignation"]

1. e4 e5 2. Nf3 d6 3. d4 exd4 4. Nxd4 Nf6 5. Nc3 Be7 6. g3 Bg4 7. f3 Bd7 8. Bg2 Nc6 9. Nde2 O-O 10. O-O Ne5 11. g4 h6 12. Ng3 Re8 13. h3 Ng6 14.
f4 Nh4 15. Bh1 d5 16. e5 Bc5+ 17. Kh2 d4 18. Nce4 Nxe4 19. Nxe4 Bb6 20. Bd2 Bc6 21. Qe2 Qd7 22. Rae1 Bb5 23. Qf2 Bxf1 24. Qxh4 Bc4 25. g5 Qe7 26. Nf6+ gxf6 27. gxf6 Qf8 28. Rg1+ Kh8 29. Rg7 Qxg7 30. fxg7+ Kxg7 31. Qf6+ Kg8 32. f5 Bc5 33. Bxh6 Bf8 34. Qg5+ Kh7 35. Bxf8 Rxf8 36.
f6 1-0

[Event "*** MasterClass Titled Tuesday Blitz"]
[Site "Chess.com"]
[Date "2017.11.07"]
[Round "3"]
[White "GeorgMeier"]
[Black "Oneofmyturns"]
[Result "1-0"]
[WhiteElo "2678"]
[BlackElo "2518"]
[TimeControl "180+2"]
[EndTime "14:41:15 PST"]
[Termination "GeorgMeier won by resignation"]

1. Nf3 Nf6 2. g3 d5 3. Bg2 g6 4. O-O Bg7 5. d4 O-O 6. c4 c6 7. b3 Ne4 8. Bb2 Bf5 9. Nc3 a5 10. e3 Nxc3 11. Bxc3 dxc4 12. bxc4 c5 13. Qb3 Qc7 14.
d5 a4 15. Qa3 Nd7 16. Bxg7 Kxg7 17. Nd2 Qa5 18. Rfd1 Ne5 19. e4 Bg4 20. f3 Bd7 21. f4 Ng4 22. h3 Nh6 23. Rab1 Rab8 24. g4 f6 25. Qe3 e5 26. g5 Nf7 27. gxf6+ Kxf6 28. fxe5+ Kxe5 29. Qg3+ Kf6 30. e5+ Nxe5 31. Ne4+ 1-0

[Event "*** MasterClass Titled Tuesday Blitz"]
[Site "Chess.com"]
[Date "2017.11.07"]
[Round "3"]
[White "saikrishnaReturns"]
[Black "JaimeSantosLatasa"]
[Result "0-1"]
[WhiteElo "2488"]
[BlackElo "2564"]
[TimeControl "180+2"]
[EndTime "14:41:16 PST"]
[Termination "JaimeSantosLatasa won by resignation"]

1. e4 c5 2. Nf3 d6 3. d4 cxd4 4. Nxd4 Nf6 5. Nc3 a6 6. Bg5 Nbd7 7. Bc4 Qb6 8. Bb3 e6 9. O-O Be7 10. Be3 Nc5 11. f4 Qc7 12. Qf3 b5 13. e5 Bb7 14.
Qg3 Nh5 15. Qh3 dxe5 16. fxe5 Qxe5 17. Rae1 Nf6 18. Nf3 Qh5 19. Qg3 Qg4 20. Qe5 Nxb3 21. axb3 O-O 22. Rf2 Rac8 23. h3 Qh5 24. Qxh5 Nxh5 25.
Ne5 Nf6 26. Rd1 b4 27. Na4 Nd5 28. Bd4 f6 29. Nd7 Rfd8 30. Ndb6 Nxb6 31. Nxb6 Rc6 32. Rfd2 Rxd4 33. Rxd4 Bc5 34. Kf1 Bxd4 35. Rxd4 Rxb6 36. Rd7 Bd5 37. Ke2 Bxg2 38. h4 Bd5 39. Kd3 h5 0-1

[Event "*** MasterClass Titled Tuesday Blitz"]
[Site "Chess.com"]
[Date "2017.11.07"]
[Round "3"]
[White "florianschwabeneder"]
[Black "VerdeNotte"]
[Result "0-1"]
[WhiteElo "2424"]
[BlackElo "2673"]
[TimeControl "180+2"]
[EndTime "14:41:28 PST"]
[Termination "VerdeNotte won by resignation"]

1. e4 c5 2. Nf3 d6 3. c3 Nf6 4. Bd3 Nc6 5. Bc2 d5 6. e5 Ng8 7. h3 c4 8. O-O g6 9. d4 cxd3 10.
Bxd3 Bg7 11. Re1 Qc7 12. Qe2 Nh6 13. g4 Be6 14. Bf4 O-O-O 15. Nbd2 Ng8 16. Ng5 d4 17. Nxe6 fxe6 18. Rac1 Kb8 19. Nf3 dxc3 20. Rxc3 Nh6 21. Rec1 Rhf8 22. Qe3 Qb6 23. Bxh6 Bxh6 24. Qxh6 Rxf3 0-1

[Event "*** MasterClass Titled Tuesday Blitz"]
[Site "Chess.com"]
[Date "2017.11.07"]
[Round "3"]
[White "miaou33"]
[Black "PositionalGenius"]
[Result "1/2-1/2"]
[WhiteElo "2296"]
[BlackElo "2408"]
[TimeControl "180+2"]
[EndTime "14:41:33 PST"]
[Termination "Game drawn by agreement"]

1. b3 Nf6 2. Bb2 g6 3. Nf3 Bg7 4. g3 O-O 5. Bg2 c5 6. c4 Nc6 7. O-O d6 8. d4 cxd4 9. Nxd4 Bd7 10. Nc3 a6 11. Qd2 Nxd4 12. Qxd4 Bc6 13. e4 Nxe4 14. Qd3 Nxc3 15. Bxc3 Bxg2 16. Kxg2 Qc7 17. f3 Rad8 18. Bxg7 Kxg7 19. Rad1 Qc5 20. Rfe1 e6 21. Qc3+ e5 22. Rd5 Qc6 23. Red1 b5 24. c5 b4 25. Qc4 Rc8 26.
cxd6 Qxc4 27. bxc4 Rxc4 28. d7 Rd8 29. Rxe5 Kf8 30.
Rd2 Rc3 31. Ra5 Rc7 32. Rad5 a5 33. Rxa5 Rcxd7 34. Rxd7 Rxd7 35. Rb5 Rd2+ 36. Kh3 Rxa2 37. Rxb4 1/2-1/2

[Event "*** MasterClass Titled Tuesday Blitz"]
[Site "Chess.com"]
[Date "2017.11.07"]
[Round "3"]
[White "MateusViageiro"]
[Black "TheMagician"]
[Result "1-0"]
[WhiteElo "2266"]
[BlackElo "2270"]
[TimeControl "180+2"]
[EndTime "14:41:41 PST"]
[Termination "MateusViageiro won by resignation"]

1. e4 c5 2. Nf3 d6 3. d4 cxd4 4. Nxd4 Nf6 5. Nc3 a6 6. Be3 e5 7.
Nb3 Be7 8. f3 Be6 9. Qd2 d5 10.
exd5 Bxd5 11. O-O-O Bxb3 12. cxb3 Qxd2+ 13. Rxd2 Nbd7 14. Bc4 Bc5 15. Re1 Bxe3 16. Rxe3 O-O 17. Nd5 b5 18.
Be2 Rac8+ 19. Kb1 Rfe8 20. a4 Rb8 21. axb5 axb5 22. Nc7 Rec8 23. Nxb5 Rc5 24. Nd6 Nd5 25. Red3 Nb4 26. Rc3 Ra5 27. Rc8+ Rxc8 28. Nxc8 Nf8 29. Bc4 g6 30. Nd6 Ne6 31. Bxe6 fxe6 32. Nc4 Kg7 33. Nxa5 Nd5 34. Nc4 1-0

[Event "*** MasterClass Titled Tuesday Blitz"]
[Site "Chess.com"]
[Date "2017.11.07"]
[Round "3"]
[White "BergenChessAcademy"]
[Black "TijanaBlagojevic"]
[Result "0-1"]
[WhiteElo "1590"]
[BlackElo "1980"]
[TimeControl "180+2"]
[EndTime "14:41:46 PST"]
[Termination "TijanaBlagojevic won by checkmate"]

1. d4 d5 2. c4 c6 3. Nc3 Nf6 4. Nf3 e6 5. cxd5 exd5 6. Bg5 Nbd7 7. e3 Be7 8. Bd3 Ne4 9. Nd2 Nxg5 10. O-O O-O 11. f4 Ne6 12. Qh5 g6 13. Qh6 Ng7 14.
Nf3 f5 15. Ne5 Bf6 16. Rf3 Bxe5 17. dxe5 Qe7 18. h3 Nc5 19. Bc2 b5 20. Ne2 Ne4 21.
Nd4 Bb7 22. g4 a6 23. Kh2 c5 24. Ne2 Rad8 25. Rg1 d4 26. Bxe4 Bxe4 27. Rfg3 d3 28. Nc3 d2 29. gxf5 Bxf5 30. e4 d1=Q 31. Rxd1 Rxd1 32.
Nxd1 Bxe4 33. Nf2 Nf5 34. Qg5 Qxg5 35. Rxg5 Bd5 36. b3 c4 37. bxc4 bxc4 38. Ng4 Kg7 39. Nf6 Rd8 40. Rg1 Be6 41. Rg2 c3 42. Ne4 Ne3 43.
Rg1 c2 44. Nd6 Nd1 45. f5 c1=Q 46. fxe6 Qf4+ 47. Rg3 Qxe5 48. Nf7 Rd2+ 49. Kh1 Qe4+ 50. Kg1 Qe1# 0-1

[Event "*** MasterClass Titled Tuesday Blitz"]
[Site "Chess.com"]
[Date "2017.11.07"]
[Round "3"]
[White "thegreendog"]
[Black "PrinceMurad09"]
[Result "0-1"]
[WhiteElo "2352"]
[BlackElo "2261"]
[TimeControl "180+2"]
[EndTime "14:41:52 PST"]
[Termination "PrinceMurad09 won by resignation"]

1. d4 Nf6 2. c4 c5 3. Nf3 b6 4. Nc3 Bb7 5. e3 e6 6. Be2 Be7 7. O-O O-O 8. b3 cxd4 9. exd4 d5 10. Bb2 Nbd7 11. Rc1 Rc8 12. Re1 Ne4 13. Nxe4 dxe4 14. Ne5 Nxe5 15. dxe5 Qc7 16. Qd2 h6 17. Bg4 Bg5 18.
Qc3 Bxc1 19. Bxc1 Rcd8 20. Qg3 Kh7 21. h4 f5 22. Bh5 Rd3 23. Qg6+ Kh8 24. Qxe6 Bc8 25.
Qg6 Qxe5 26. Ba3 Rf6 27. Qe8+ Qxe8 28. Bxe8 Bd7 29. Bxd7 Rxd7 30. Bb4 a5 31. Bc3 Rfd6 32. Re2 Kg8 33. g3 Rd3 34. Be5 Rd2 35. Rxd2 Rxd2 36.
Bc7 Rxa2 37. Bxb6 a4 38. bxa4 Rxa4 39. c5 Rc4 40. Kf1 Rc2 41. Ke1 Kf7 42. Kd1 Rc4 43.
Kd2 Ke6 44. Ke3 g6 45. Ke2 Kd5 46. Ke3 Rc3+ 47. Ke2 g5 48. hxg5 hxg5 49. Kd2 Rb3 50. Bd8 f4 51. Bxg5 fxg3 52. fxg3 Rxg3 53. Be7 e3+ 54. Ke2 Ke4 55. c6 Rg2+ 56. Kd1 Kd3 57. Kc1 Rc2+ 0-1

[Event "*** MasterClass Titled Tuesday Blitz"]
[Site "Chess.com"]
[Date "2017.11.07"]
[Round "3"]
[White "DanielNaroditsky"]
[Black "Margency"]
[Result "1-0"]
[WhiteElo "2733"]
[BlackElo "2524"]
[TimeControl "180+2"]
[EndTime "14:41:54 PST"]
[Termination "DanielNaroditsky won on time"]

1. b3 g6 2. Bb2 Nf6 3. Bxf6 exf6 4. c4 f5 5. Nc3 d6 6. Nf3 Nd7 7. g3 h5 8. Bg2 Bh6 9. O-O f4 10. Nd5 fxg3 11. fxg3 O-O 12. d4 c6 13. Nf4 Nf6 14. e3 Bf5 15. Nh4 Be4 16. Bxe4 Nxe4 17. Qd3 d5 18. Nf3 Bg7 19. Rac1 Re8 20. cxd5 cxd5 21.
Qb5 Nf6 22. Ne5 Re7 23. Rc5 a6 24. Qd3 Rc8 25. Rfc1 Rec7 26. Nxf7 Rxc5 27. Rxc5 1-0

[Event "*** MasterClass Titled Tuesday Blitz"]
[Site "Chess.com"]
[Date "2017.11.07"]
[Round "3"]
[White "mikhaillushenkov"]
[Black "A-Fier"]
[Result "1-0"]
[WhiteElo "2498"]
[BlackElo "2578"]
[TimeControl "180+2"]
[EndTime "14:42:02 PST"]
[Termination "mikhaillushenkov won by resignation"]

1. Nf3 Nf6 2. c4 g6 3. Nc3 Bg7 4. e4 O-O 5. d4 d6 6. Be2 e5 7. O-O Nc6 8. d5 Ne7 9. Ne1 Nd7 10. Be3 f5 11. f3 f4 12. Bf2 g5 13. a4 Rf6 14.
Nd3 Rh6 15. a5 a6 16. b4 Qe8 17. Be1 Qh5 18. h3 Nf6 19. Nf2 Ng6 20. Ng4 Nh4 21. Nxh6+ Qxh6 22. Bxh4 Qxh4 23. Qe1 Qh6 24. c5 Bf8 25.
Na4 Nh5 26. cxd6 Bxd6 27. Nc5 Ng3 28. Rf2 Qg6 29. Rc1 h5 30. Ne6 Bxe6 31. dxe6 Nxe2+ 32. Rxe2 Qxe6 33. Qd2 Rf8 34. Qa2 Kf7 35. Qxe6+ Kxe6 36. Rb2 c6 37. Kf2 Rg8 38. Rd1 g4 39. hxg4 hxg4 40.
Rh1 g3+ 41. Ke2 Kd7 42. Rh7+ Kc8 43. Kd3 Rd8 44. Kc4 Bc7 45. Kc3 c5 46. bxc5 Bxa5+ 47. Kc2 Bc7 48. Rb3 Rd4 49. Rd3 Rc4+ 50. Kb3 1-0

[Event "*** MasterClass Titled Tuesday Blitz"]
[Site "Chess.com"]
[Date "2017.11.07"]
[Round "3"]
[White "Swarnapuri"]
[Black "champ2005"]
[Result "1/2-1/2"]
[WhiteElo "2477"]
[BlackElo "2460"]
[TimeControl "180+2"]
[EndTime "14:42:04 PST"]
[Termination "Game drawn by agreement"]

1. d4 Nf6 2. Bf4 e6 3. e3 d5 4. Nd2 c5 5. c3 Bd6 6. Bg3 Qc7 7. Bd3 O-O 8. Bxd6 Qxd6 9. f4 b6 10. Ngf3 Ba6 11. Bxa6 Nxa6 12. O-O Nc7 13. Ne5 Qe7 14. Qf3 Nce8 15. g4 Nd6 16. Kh1 Nfe4 17. Nxe4 Nxe4 18. Rg1 f6 19. Nd3 c4 20. Nf2 f5 21. Nxe4 fxe4 22. Qe2 b5 23. Raf1 a5 24. f5 b4 25. Rf4 Rf6 26.
Rgf1 Raf8 27. Qg2 Qd7 28. fxe6 Qxe6 29. Qg3 Rxf4 30. Rxf4 Rxf4 31. Qxf4 Qf7 32. Qb8+ Qf8 33. Qxf8+ Kxf8 34. Kg2 g5 35. h4 h6 36. hxg5 hxg5 37. Kf2 Ke7 38. a4 1/2-1/2

[Event "*** MasterClass Titled Tuesday Blitz"]
[Site "Chess.com"]
[Date "2017.11.07"]
[Round "3"]
[White "LonesomeGeorge1"]
[Black "rubhani"]
[Result "0-1"]
[WhiteElo "2269"]
[BlackElo "2273"]
[TimeControl "180+2"]
[EndTime "14:42:04 PST"]
[Termination "rubhani won by resignation"]

1. d4 Nf6 2. Nf3 e6 3. e3 c5 4. Bd3 Nc6 5. O-O d5 6. b3 Bd6 7. Bb2 O-O 8. Nbd2 b6 9. Ne5 Bb7 10. a3 Ne7 11. Qf3 Qc7 12. Qh3 Ng6 13. Bxg6 hxg6 14.
Ndf3 cxd4 15. Bxd4 Qxc2 16. g4 Ne4 17. Qh4 Qc7 18.
Rac1 Qd8 19. g5 Bxa3 20. Rcd1 Be7 21. Kh1 Nxg5 22. Nxg5 Bxg5 23. Qh3 Bf6 24. Rg1 Bxe5 25. Bxe5 d4+ 26. f3 Qd5 27. Rg5 Qxf3+ 28. Kg1 0-1

[Event "*** MasterClass Titled Tuesday Blitz"]
[Site "Chess.com"]
[Date "2017.11.07"]
[Round "3"]
[White "P0ubelle"]
[Black "fidetrainerNET"]
[Result "1-0"]
[WhiteElo "2215"]
[BlackElo "2023"]
[TimeControl "180+2"]
[EndTime "14:42:06 PST"]
[Termination "P0ubelle won by resignation"]

1. e4 c5 2. Nf3 d6 3. Bb5+ Nc6 4. O-O Bd7 5. c3 g6 6. Re1 Bg7 7. d4 cxd4 8. cxd4 Nf6 9. Nc3 O-O 10. a3 a6 11. Bc4 b5 12. Ba2 Qb6 13. e5 Ng4 14. h3 Nh6 15. e6 fxe6 16. Bxe6+ Bxe6 17. Rxe6 Nf5 18. d5 Nd8 19. Re4 Qb7 20. Qe2 h6 21. g4 e5 22. dxe6 d5 23. Rf4 Ne7 24. Rxf8+ Kxf8 25. Bf4 d4 26. Ne4 Nxe6 27. Bg3 Re8 28. Nd6 Qd5 29. Nxe8 Kxe8 30. Re1 Kd7 31. Ne5+ Bxe5 32. Qxe5 d3 33. Qxd5+ Nxd5 34. Kg2 a5 35. Rd1 Kc6 36. Kf3 Nd4+ 37. Ke4 Nb3 38. Kxd3 b4 39. Kc4 bxa3 40. bxa3 a4 41. Rxd5 Na5+ 42. Rxa5 1-0

[Event "*** MasterClass Titled Tuesday Blitz"]
[Site "Chess.com"]
[Date "2017.11.07"]
[Round "3"]
[White "chito89"]
[Black "igorkovalenko"]
[Result "0-1"]
[WhiteElo "2573"]
[BlackElo "2796"]
[TimeControl "180+2"]
[EndTime "14:42:09 PST"]
[Termination "igorkovalenko won by resignation"]

1. e4 c5 2. Nf3 d6 3. d4 cxd4 4. Nxd4 Nf6 5. Nc3 a6 6. h3 e6 7. g4 h6 8. Bg2 Bd7 9. f4 Nc6 10. Be3 Qc7 11. Qd2 Be7 12. O-O-O Nxd4 13. Bxd4 e5 14.
Be3 Bc6 15. fxe5 dxe5 16. Nd5 Bxd5 17. exd5 Bd6 18. Rhf1 Nd7 19. Kb1 Nc5 20. h4 a5 21.
Qf2 b6 22. g5 hxg5 23. hxg5 Qe7 24. Rh1 O-O-O 25. Rxh8 Rxh8 26. Bxc5 Bxc5 27. Qf5+ Qd7 28. Qxe5 Qg4 29. Re1 Qxg2 30. Qf5+ Kb8 31. Qxf7 Qxg5 32. a4 Rd8 33. Re8 Qh4 34. Qd7 Rxe8 35. Qxe8+ Kc7 36.
Qc6+ Kd8 37. d6 Qe1+ 0-1

[Event "*** MasterClass Titled Tuesday Blitz"]
[Site "Chess.com"]
[Date "2017.11.07"]
[Round "3"]
[White "Lunaticx"]
[Black "asms9699"]
[Result "1-0"]
[WhiteElo "2685"]
[BlackElo "2423"]
[TimeControl "180+2"]
[EndTime "14:42:14 PST"]
[Termination "Lunaticx won on time"]

1. d4 d5 2. c4 c6 3. Nf3 Nf6 4. e3 a6 5. b3 e6 6. Nbd2 Nbd7 7.
Bd3 Bd6 8. O-O O-O 9. Re1 e5 10.
cxd5 Nxd5 11. Nc4 Bb4 12. Rf1 exd4 13. exd4 h6 14. Bc2 N7f6 15. Qd3 Qc7 16. a3 Bd6 17. Nfe5 Be6 18. Nxd6 Qxd6 19. Bxh6 Rfd8 20. Qg3 Qf8 21. Bg5 g6 22. f4 Qg7 23. Rae1 Bf5 24. Bxf5 gxf5 25.
Qh4 Rd6 26. Rf3 Ne4 27. Rxe4 fxe4 28. Rg3 Rg6 29. f5 f6 30. Nxg6 fxg5 31. Rxg5 Re8 32. Ne5 1-0

[Event "*** MasterClass Titled Tuesday Blitz"]
[Site "Chess.com"]
[Date "2017.11.07"]
[Round "3"]
[White "Tarlev_Konstantin"]
[Black "danyuffa"]
[Result "0-1"]
[WhiteElo "2620"]
[BlackElo "2648"]
[TimeControl "180+2"]
[EndTime "14:42:16 PST"]
[Termination "danyuffa won by resignation"]

1. e4 c6 2. d4 d5 3. Nc3 dxe4 4.
Nxe4 Bf5 5. Ng3 Bg6 6. h4 h6 7. Nf3 e6 8. h5 Bh7 9. Bd3 Bxd3 10. Qxd3 Nd7 11. Bd2 Ngf6 12. O-O-O Bd6 13. Ne4 Nxe4 14.
Qxe4 Nf6 15. Qe2 Bc7 16. Kb1 Qd5 17. Bc1 O-O-O 18. Ne5 Rhf8 19. f3 Qb5 20. c4 Qa6 21. g4 Bxe5 22. dxe5 Nd7 23. g5 hxg5 24. Bxg5 Rde8 25. b3 Qa5 26. Rhe1 f6 27. Bf4 Nxe5 28. Bxe5 Qxe5 29. Qxe5 fxe5 30. Rxe5 Rxf3 31. Rg1 Rf7 32. Rg6 Kd7 33. Kb2 Ree7 34. Ka3 Rf5 35. Rg5 Rxe5 36. Rxe5 Kd6 37. Rg5 e5 38. Kb2 Ke6 39. Kc2 Rd7 40.
a4 Kf6 41. Rg6+ Kf5 42. a5 a6 43. b4 e4 44. b5 cxb5 45. cxb5 axb5 46. Rb6 e3 0-1